 Dungeon Crawl Stone Soup version 0.23.0 (webtiles) character file.

Game seed: 7080623183376810939

137 elfaar the Firebug (level 5, 0/39 HPs)
             Began as a Draconian Fire Elementalist on Feb 16, 2019.
             Slain by Purgy (3 damage)
             ... on level 3 of the Dungeon.
             The game lasted 00:29:10 (2321 turns).

elfaar the Firebug (Draconian Fire Elementalist)    Turns: 2321, Time: 00:29:12

Health: 0/39       AC:  5    Str: 10    XL:     5   Next: 0%
Magic:  9/9        EV: 12    Int: 17    God:
Gold:   149        SH:  0    Dex: 11    Spells: 2/10 levels left

rFire    . . .     SeeInvis .   n - +0 short sword
rCold    . . .     Gourm    .   (no shield)
rNeg     . . .     Faith    .   (armour unavailable)
rPois    .         Spirit   .   (helmet restricted)
rElec    .         Reflect  .   (no cloak)
rCorr    .         Harm     .   (no gloves)
MR       .....                  (no boots)
Stlth    ++........             (no amulet)
HPRegen  0.13/turn              (no ring)
MPRegen  0.11/turn              (no ring)

@: no status effects
A: unfitting armour, cold-blooded, AC +5
a: no special abilities


You were on level 3 of the Dungeon.
You were not hungry.

You visited 1 branch of the dungeon, and saw 3 of its levels.

You collected 149 gold pieces.

Inventory:

Hand Weapons
 e - a +0 hunting sling
 n - a +0 short sword (weapon)
Missiles
 f - 16 poisoned needles
 h - 32 sling bullets
 l - 3 stones (quivered)
Scrolls
 c - 2 scrolls of enchant armour
Potions
 a - 2 potions of berserk rage {unknown}
 d - a potion of haste {unknown}
 i - 3 potions of magic {unknown}
 k - a potion of cancellation {unknown}
 o - 2 potions of curing {unknown}
 p - a potion of brilliance {unknown}
Comestibles
 b - 6 rations


   Skills:
 + Level 0.5 Fighting
 + Level 1.5 Short Blades
 + Level 0.1(0.3) Slings
 + Level 0.5 Throwing
 + Level 2.1 Dodging
 + Level 2.0 Stealth
 + Level 3.0 Spellcasting
 + Level 2.0 Conjurations
 + Level 3.6 Fire Magic


You had 2 spell levels left.
You knew the following spells:

 Your Spells              Type           Power        Failure   Level  Hunger
a - Flame Tongue          Conj/Fire      ##...        5%          1    None
b - Conjure Flame         Conj/Fire      ##......     16%         3    ###....
c - Throw Flame           Conj/Fire      ##....       9%          2    ##.....
d - Searing Ray           Conj           #.....       12%         2    ##.....

Your spell library contained the following spells:

 Spells                   Type           Power        Failure   Level  Hunger
 Magic Dart               Conj           #...         8%          1    None
 Inner Flame              Hex/Fire       #.......     24%         3    ###....
 Dazzling Spray           Conj/Hex       #.....       34%         3    ###....
 Sticky Flame             Conj/Fire      ##......     47%         4    ####...
 Iskenderun's Mystic Bla  Conj           #.......     58%         4    ####...
 Force Lance              Conj/Tloc      #.......     75%         4    ####...
 Fulminant Prism          Conj/Hex       #.........   75%         4    ####...
 Fireball                 Conj/Fire      ##........   83%         5    ######.


Dungeon Overview and Level Annotations

Branches:
Dungeon (3/15)

Altars:

Annotations:
D:3 Purgy


Innate Abilities, Weirdness & Mutations

Your plain brown scales are hard. (AC +5)
You cannot fit into any form of body armour.
You are cold-blooded and may be slowed by cold attacks.


Message History

Purgy the Meek comes into view.
The hobgoblin shouts!
Purgy shouts!
You see here a ring mail.
Okay, then.
A bat comes into view.
The bat moves out of view.
Purgy bites you.
* * * LOW HITPOINT WARNING * * *
Purgy claws you but does no damage. Purgy closely misses you.
Purgy misses you. x3
As you read the scroll of fog, it crumbles to dust.
The scroll dissolves into smoke.
Purgy barely misses you. x2
Purgy misses you. Purgy misses you. Purgy claws you.
* * * LOW HITPOINT WARNING * * *
Purgy claws you but does no damage. Purgy bites you.
* * * LOW HITPOINT WARNING * * *
Purgy claws you but does no damage. Purgy claws you.
You die...

*,*,***********,,,******
*,*,****,,,,,,*,,,*,,,,,
*,*,**,*,_,,,,',,,',,,,_
***,*,****,,,,,,*,,,*,,,,,
#.....#**********,,,******
##.....# ### ***,*******
#......# #.## *,*,*,,,,,,
#......*###..# *,*,,,*****
#.....,##.@T.# *,***,*
#.##.###§o.g## *,* *,*
#.##§##§{§..####*,* *,*
#...§§§§§§.....#*,* *.#
#.o##§#§§§§.#..##,* *.#
#..##§##§§§##..##.* *.##***
#..##.#*#.###..##.**#..,,,,
#.o##.#**.#*#..##.#*(.,,***
#..##.#*,..,...(...#.##.###


You could see Purgy, an orc and a hobgoblin.

Vanquished Creatures
  An orc priest (D:3)
  3 adders
  3 worms
  A dart slug (D:1)
  A leopard gecko (D:1)
  5 orcs
  A ball python (D:1)
  2 giant cockroaches (D:2)
  10 goblins
  6 hobgoblins
  11 jackals
  2 quokkas (D:2)
  5 bats
  2 frilled lizards
  3 kobolds (D:1)
  A quokka zombie (D:3)
  3 rats
60 creatures vanquished.

Notes
Turn   | Place    | Note
-------+----------+-------------------------------------------
     0 | D:1      | elfaar the Draconian Fire Elementalist began the quest for
                  | the Orb.
     0 | D:1      | Reached XP level 1. HP: 14/14 MP: 3/3
   403 | D:1      | Reached XP level 2. HP: 20/20 MP: 1/5
   738 | D:1      | Reached XP level 3. HP: 8/26 MP: 0/6
   753 | D:1      | Learned a level 3 spell: Conjure Flame
  1118 | D:2      | Learned a level 2 spell: Throw Flame
  1215 | D:2      | Reached skill level 1 in Short Blades
  1715 | D:2      | Reached XP level 4. HP: 34/34 MP: 8/8
  1969 | D:3      | Learned a level 2 spell: Searing Ray
  2209 | D:3      | Reached XP level 5. HP: 20/39 MP: 0/9
  2307 | D:3      | Noticed Purgy
  2321 | D:3      | Slain by Purgy

Skill      XL: |  1  2  3  4 |
---------------+-------------+-----
Short Blades   | 1 |  1.5
Dodging        | 2 |  2.1
Spellcasting   | 3 |  3.0
Stealth        | 2 |  2.0
Conjurations   | 2 |  2.0
Fighting       | |  0.5
Slings         | |  0.1
Throwing       | |  0.5
Fire Magic     | |  3.6

Action                   |  1- 3 |  4- 6 || total
-------------------------+-------+-------++-------
Melee: Dagger            |    46 |       ||    46
       Short sword       |    19 |    15 ||    34
       Tailslap          |     2 |       ||     2
 Fire: Hunting sling     |       |     5 ||     5
Throw: Stone             |       |     4 ||     4
 Cast: Flame Tongue      |    64 |     6 ||    70
       Throw Flame       |     7 |     7 ||    14
       Conjure Flame     |     2 |       ||     2
       Searing Ray       |       |     6 ||     6
  Use: Scroll            |     8 |     6 ||    14
 Stab: Sleeping          |     1 |       ||     1
  Eat: Chunk             |     1 |     2 ||     3
       Ration            |     1 |       ||     1
Armor: Skin              |    37 |     6 ||    43
Dodge: Dodged            |    72 |    29 ||   101
